Description

PvP Disruptor Drop into Blink Stalker + Disruptor composition

Replay - ShoWTimE v sOs - Overgrowth LE (Void)

Build Order

Get SALT Encoding   

  12  0:00  Probe (Chrono Boost)  
  13  0:11  Probe (Chrono Boost)  
  14  0:17  Pylon  
  14  0:22  Probe (Chrono Boost)  
  16  0:35  Probe (Chrono Boost)  
  16  0:36  Gateway  
  16  0:43  Assimilator  
  16  0:46  Probe (Chrono Boost)  
  17  0:52  Assimilator  
  17  0:56  Probe (Chrono Boost)  
  18  1:04  Gateway  
  18  1:07  Probe (Chrono Boost)  
  19  1:17  Probe (Chrono Boost)  
  20  1:24  Cybernetics Core  
  20  1:28  Probe (Chrono Boost)  
  20  1:30  Pylon  
  21  1:38  Probe (Chrono Boost)  
  22  1:46  Warp Gate  
  24  2:01  Stalker x2  
  28  2:10  Pylon  
  30  2:19  Mothership Core (Chrono Boost)  
  30  2:31  Stalker x2  
  35  3:02  Stalker x2  
  38  3:21  Pylon  
  38  3:31  Nexus  
  38  3:36  Robotics Facility  
  39  3:49  Adept x2  
  44  4:08  Pylon  
  43  4:26  Observer  
  42  4:33  Robotics Bay, Sentry  
  42  4:34  Adept  
  49  4:46  Warp Prism  
  55  5:17  Disruptor  
  55  5:24  Sentry  
  60  5:30  Gateway  
  60  5:42  Gravitic Drive  
  56  5:53  Twilight Council  
  60  6:15  Blink  
  58  6:20  Assimilator x2  
  61  6:34  Immortal  
  67  6:55  Stalker  
  67  6:56  Gateway x2  
  69  7:01  Stalker  
  67  7:20  Immortal  
  71  7:30  Stalker  
  71  7:53  Stalker  
  81  8:22  Nexus  
  81  8:23  Observer  
  82  8:39  Sentry x2  
  92  8:45  Disruptor  
  99  9:03  Forge  
  100  9:19  Disruptor  
  113  9:48  Adept x3  
  113  9:51  Disruptor  
  119  9:59  Protoss Ground Weapons Level 1  
Spawning Tool Build Advisor. Get it on Overwolf

Go to:

Details

  • Created by: Hyperkinetic
  • Published on: Feb 14, 2017
  • Modified on: Feb 14, 2017
  • Patch: 3.8.0
Show
View Real Time Build Order
Export as new Build Order

Comments (0)

There are no comments. Be the first!

Create an account to comment!